 Dungeon Crawl Stone Soup version 0.18-a0-801-gb01a236 (webtiles) character file.

5 Raultor the Insei (level 1, -3/17 HPs)
             Began as a Vampire Monk on Dec 14, 2015.
             Slain by an adder (5 damage)
             ... on level 1 of the Dungeon.
             The game lasted 00:01:09 (362 turns).

Raultor the Insei (Vampire Monk)                     Turns: 362, Time: 00:01:09

Health: -3/17      AC:  2    Str: 10    XL:     1   Next: 66%
Magic:  1/1        EV: 13    Int: 12    God:
Gold:   6          SH:  0    Dex: 16    Spells: 0 memorised, 0 levels left

rFire  + . .     SeeInvis +       - Unarmed
rCold  + . .     Clarity  .     a - +0 robe
rNeg   + . .     SustAt   .     (no shield)
rPois  +         Gourm    .     (no helmet)
rElec  +         Spirit   .     (no cloak)
rCorr  +         Dismiss  .     (no gloves)
rMut   .         Stasis   .     (no boots)
MR     .....                    (no amulet)
Stlth  +++.......               (no ring)
                                (no ring)

@: lethally poisoned (-3 -> -7), resistant, not resistant to hostile
enchantments, fairly stealthy
A: fangs 3, see invisible, unbreathing
a: no special abilities


You were on level 1 of the Dungeon.
You were not thirsty.

You visited 1 branch of the dungeon, and saw 1 of its levels.

You collected 6 gold pieces.

Inventory:

Armour
 a - a +0 robe (worn)
Potions
 b - 5 potions of blood {@q1}


   Skills:
 - Level 2.7 Fighting
 - Level 3.2 Dodging
 - Level 3.0 Stealth
 + Level 4.7 Unarmed Combat


You couldn't memorise any spells.
You didn't know any spells.

Dungeon Overview and Level Annotations

Branches:
Dungeon (1/15)

Altars:


Innate Abilities, Weirdness & Mutations

You have razor-sharp teeth.
You have supernaturally acute eyesight.
You can survive without breathing.


Message History

You see here a runed short sword.
Found a stone staircase leading down.
You now have 6 gold pieces.
c - a yellow potion A giant newt comes into view.
A bat and a goblin come into view.
The giant newt hisses menacingly.
The giant newt misses you.
You miss the giant newt.
The goblin shouts!
The bat hits you but does no damage. The giant newt bites you.
You take 2 damage, and have 15/17 hp.
You miss the giant newt. The bat closely misses you. The bat barely misses you.
The giant newt closely misses you.
You hit the giant newt.
You kill the giant newt!
The bat misses you.
A giant newt comes into view.
You barely miss the bat. You bite the bat. The bat closely misses you.
The bat closely misses you. x2
You barely miss the bat. The bat barely misses you.
You closely miss the bat. Your bite misses the bat. The bat hits you.
The goblin closely misses you.
You take 1 damage, and have 15/17 hp.
You closely miss the goblin. The bat barely misses you.
The goblin barely misses you.
You closely miss the bat. You bite the bat.
You kill the bat!
You hit the goblin.
You kill the goblin!
A goblin comes into view.
The giant newt bites you.
You take 3 damage, and have 12/17 hp.
You miss the giant newt. The giant newt misses you.
You miss the giant newt. The giant newt bites you.
You take 2 damage, and have 10/17 hp.
You are too injured to fight recklessly!
You are too injured to fight recklessly!
You are too injured to fight recklessly!
You closely miss the giant newt. The giant newt barely misses you.
You barely miss the giant newt.
The goblin shouts!
The giant newt closely misses you.
You barely miss the giant newt. The giant newt misses you.
You miss the giant newt. The goblin hits you.
The giant newt closely misses you.
You take 1 damage, and have 9/17 hp.
You hit the giant newt.
You kill the giant newt!
The goblin hits you.
You take 3 damage, and have 6/17 hp.
The goblin hits you.
* * * LOW HITPOINT WARNING * * *
You see here a giant newt corpse.
You take 1 damage, and have 5/17 hp.
You barely miss the goblin. You punch the goblin. Your bite misses the goblin.
The goblin hits you.
* * * LOW HITPOINT WARNING * * *
You take 3 damage, and have 2/17 hp.
You hit the goblin.
You kill the goblin!
You see here a goblin corpse.
You bottle the corpse's blood.
b - 3 potions of blood {@q1} (gained 1)
You see here a bat corpse.
You bottle the corpse's blood.
b - 4 potions of blood {@q1} (gained 1)
You see here a giant newt corpse.
You bottle the corpse's blood.
b - 5 potions of blood {@q1} (gained 1)
You start resting.
An adder comes into view.
You regained 11 hp, and now have 14/17 hp.
An adder is nearby!
No target in view!
No target in view!
The adder closely misses you.
You closely miss the adder. Your punch misses the adder. The adder misses you.
You hit the adder but do no damage. The adder closely misses you.
You barely miss the adder. The adder misses you.
You closely miss the adder. The adder bites you. The adder closely misses you.
You take 4 damage, and have 10/17 hp.
MASSIVE DAMAGE!!
You barely miss the adder. The adder bites you.
You are poisoned.
The adder poisons you!
You take 3 damage, and have 7/17 hp.
You hit the adder. Your bite misses the adder.
You feel sick. The adder bites you.
* * * LOW HITPOINT WARNING * * *
You take 3 damage, and have 4/17 hp.
Drink which item? (? for menu, Esc to quit)
It was a potion of resistance.
You feel protected. The adder bites you.
* * * LOW HITPOINT WARNING * * *
You take 3 damage, and have 1/17 hp.
You hit the adder. You punch the adder, but do no damage.
The adder barely misses you.
You barely miss the adder. The adder bites you.
You die...

.##.#.#.♣.♣.#### ##.####
...............# ##....##
.##.#).........####......#
.##.#................).$.###
.##.#.......................
....#.............#.........
...##......#......##....#.##
...#......###......#...##.#
..##.....## ##..@..##..# #
..#.....## ##S....#....
##....## ##....##....
#....## ##....#..#.# ##...##
#...##.#.# #...## #...#
#..## #..# ..## #.. .##


You could see an adder.

Vanquished Creatures
  A bat (D:1)
  2 giant newts (D:1)
  2 goblins (D:1)
  A rat (D:1)
6 creatures vanquished.

Notes
Turn   | Place    | Note
--------------------------------------------------------------
     0 | D:1      | Raultor the Vampire Monk began the quest for the Orb.
     0 | D:1      | Reached XP level 1. HP: 17/17 MP: 1/1
   116 | D:1      | HP: 2/17 [goblin (3)]
   359 | D:1      | HP: 4/17 [adder (2)]
   360 | D:1      | HP: 1/17 [adder (3)]
   362 | D:1      | Slain by an adder

Vault maps used:
D:1:      minmay_arrival_pointy, serial_forest, infiniplex_forest_lined_3,
          infiniplex_forest_lined_ring, infiniplex_forest_lined_3,
          infiniplex_forest_straight_4, infiniplex_forest_straight_1,
          infiniplex_forest_lined_1, nemelex_diamond_rough_becter

Action                   || total
-------------------------++-------
Melee: Unarmed           ||    27
  Use: Potion            ||     1

Vault maps used:
D:1:      minmay_arrival_pointy, serial_forest, infiniplex_forest_lined_3,
          infiniplex_forest_lined_ring, infiniplex_forest_lined_3,
          infiniplex_forest_straight_4, infiniplex_forest_straight_1,
          infiniplex_forest_lined_1, nemelex_diamond_rough_becter

Table legend:
 A = Turns spent in this place as a percentage of turns spent in the entire game.
 B = Non-inter-level travel turns spent in this place as a percentage of non-inter-level travel turns spent in the entire game.
 C = Inter-level travel turns spent in this place as a percentage of turns spent in this place.
 D = Turns resting spent in this place as a percentage of non-inter-level travel turns spent in this place.
 E = Turns spent auto-exploring this place as a percentage of non-inter-level travel turns spent in this place.
 F = Non-inter-level travel turns spent in this place divided by the number of levels of this place that you've seen.
                   A       B       C       D       E      F
               +-------+-------+-------+-------+-------+----------------------
         Total | 100.0 | 100.0 |   0.0 |   2.7 |   5.4 |  74.0
       Dungeon | 100.0 | 100.0 |   0.0 |   2.7 |   5.4 |  74.0
               +-------+-------+-------+-------+-------+----------------------

Table legend:
 A = Kills in this place as a percentage of kills in entire the game.
 B = Kills by you in this place as a percentage of kills by you in the entire game.
 C = Kills by friends in this place as a percentage of kills by friends in the entire game.
 D = Other kills in this place as a percentage of other kills in the entire game.
 E = Experience gained in this place as a percentage of experience gained in the entire game.
 F = Experience gained in this place divided by the number of levels of this place that you have seen.
                   A       B       C       D       E      F
               +-------+-------+-------+-------+-------+----------------------
         Total | 100.0 | 100.0 |  -nan |  -nan | 100.0 |   8.0
       Dungeon | 100.0 | 100.0 |  -nan |  -nan | 100.0 |   8.0
               +-------+-------+-------+-------+-------+----------------------
